 Dungeon Crawl Stone Soup version 0.26-a0-412-ga3d1f51b80 (webtiles) character file.

Game seed: 13516904802120711856

684281 KristoblXynda the Wrestler (level 27, -4/265 HPs)
             Began as a Troll Monk on July 24, 2020.
             Was the Champion of Cheibriados.
             Slain by a reaper
             ... wielding a +1 vorpal scythe
              (33 damage)
             ... on level 4 of the Iron City of Dis.
             The game lasted 03:11:57 (72949 turns).

KristoblXynda the Wrestler (Troll Monk)            Turns: 72949, Time: 03:11:58

Health: -4/265     AC: 31    Str: 54    XL:     27
Magic:  22/37      EV: 27    Int: 35    God:    Cheibriados [******]
Gold:   6390       SH: 17    Dex: 32    Spells: 30/48 levels left

rFire    + . .     SeeInvis .     - Unarmed
rCold    + . .     Faith    .   I - +0 kite shield {AC+3}
rNeg     + . .     Spirit   .   A - +0 shadow dragon scales
rPois    +         Reflect  .   D - +2 hat
rElec    +         Harm     .   E - +2 cloak {rC+}
rCorr    .                      (gloves unavailable)
MR       +++..                  (boots unavailable)
Stlth    ++++......             X - amulet "Qatoz" {Acrobat Int+5}
HPRegen  0.94/turn              q - ring "Guyliub" {rPois rN+ Str+6 Dex+5}
MPRegen  0.25/turn              V - ring of the Enemy {rElec rF+ MR+ Str+4}

@: very slightly contaminated, studying Translocations, lightly drained, very
slow
A: large, unfitting armour, claws 3, blink, regeneration 1, shaggy fur 1, strong
1, tough skin 3
}: 3/15 runes: decaying, serpentine, silver
a: Blink, Bend Time, Temporal Distortion, Slouch, Step From Time, Renounce
Religion


You were on level 4 of the Iron City of Dis.
You worshipped Cheibriados.
Cheibriados was exalted by your worship.
You visited 12 branches of the dungeon, and saw 53 of its levels.
You also visited: Ice Cave.

You collected 7098 gold pieces.
You spent 708 gold pieces at shops.

Inventory:

Armour
 A - +0 shadow dragon scales (worn)
 D - a +2 hat (worn)
 E - a +2 cloak of cold resistance (worn)
 I - a +0 kite shield of protection (worn)
Jewellery
 q - the ring "Guyliub" (left claw) {rPois rN+ Str+6 Dex+5}
   (You acquired it on level 2 of the Snake Pit)

   [ring of strength]

   It affects your strength (+6).
   It affects your dexterity (+5).
   It protects you from poison.
   It protects you from negative energy.
 V - the ring of the Enemy (right claw) {rElec rF+ MR+ Str+4}
   (You found it on level 3 of the Elven Halls)

   [ring of protection from fire]

   It affects your strength (+4).
   It protects you from fire.
   It insulates you from electricity.
   It affects your resistance to hostile enchantments.
 X - the amulet "Qatoz" (around neck) {Acrobat Int+5}
   (You found it on level 3 of the Elven Halls)

   [amulet of the acrobat]

   It helps you evade while moving and waiting.
   It affects your intelligence (+5).
Wands
 c - a wand of paralysis (7)
 e - a wand of acid (46)
 r - a wand of disintegration (40)
 t - a wand of digging (14)
 C - a wand of iceblast (66)
 M - a wand of clouds (4)
Scrolls
 b - 3 scrolls of fog
 h - 20 scrolls of teleportation
 l - 33 scrolls of remove curse
 o - 3 scrolls of enchant armour
 v - a scroll of silence
 w - 6 scrolls of blinking
 x - a scroll of summoning
 y - 7 scrolls of amnesia
 G - 6 scrolls of immolation
 L - 7 scrolls of magic mapping
 Q - 12 scrolls of identify
 R - 5 scrolls of fear
Potions
 a - 3 potions of mutation
 d - 12 potions of curing
 f - 8 potions of brilliance
 g - 6 potions of lignification
 i - 5 potions of might
 j - 13 potions of stabbing
 k - 8 potions of flight
 n - 4 potions of ambrosia
 p - a potion of heal wounds
 u - 5 potions of cancellation
 H - a potion of invisibility
 K - 2 potions of magic
Books
 s - a manual of Translocations
Miscellaneous
 m - the horn of Geryon
 z - 3 boxes of beasts
 F - a tin of tremorstones (3/3)
 J - a phial of floods
 P - a lightning rod (4/4)
 W - 3 phantom mirrors


   Skills:
 - Level 14.0(13.8) Fighting
 - Level 20.0(19.7) Armour
 - Level 18.0(17.8) Dodging
 - Level 1.0(0.8) Stealth
 + Level 10.5(10.3) Shields
 + Level 21.0(20.8) Unarmed Combat
 + Level 11.4(11.1) Spellcasting
 + Level 20.3(20.1) Earth Magic
 - Level 10.1(9.9) Invocations
 - Level 6.0(5.8) Evocations


You had 30 spell levels left.
You knew the following spells:

 Your Spells              Type           Power        Failure   Level
a - Petrify               Tmut/Erth      ######..     1%          4
b - Shatter               Erth           ########..   69%         9
c - Lee's Rapid Deconstr  Erth           ########..   1%          5

Your spell library contained the following spells:

 Spells                   Type           Power        Failure   Level
 Passwall                 Tmut/Erth      ######..     1%          2
 Stone Arrow              Conj/Erth      ######       1%          3
 Leda's Liquefaction      Hex/Erth       ######....   1%          4
 Animate Skeleton         Necr           ###...       3%          1
 Apportation              Tloc           ###...       3%          1
 Beastly Appendage        Tmut           ###...       3%          1
 Corona                   Hex            ###....      3%          1
 Foxfire                  Conj/Fire      ###.         3%          1
 Freeze                   Ice            ###.         3%          1
 Magic Dart               Conj           ###.         3%          1
 Shock                    Conj/Air       ###.         3%          1
 Sting                    Tmut/Pois      ###.         3%          1
 Summon Small Mammal      Summ           ###.         3%          1
 Blink                    Tloc           N/A          6%          2
 Call Imp                 Summ           ###.....     6%          2
 Corpse Rot               Necr/Air       N/A          6%          2
 Poisonous Vapours        Pois/Air       ###...       6%          2
 Slow                     Hex            ###.....     6%          2
 Swiftness                Air            ###.....     6%          2
 Wereblood                Tmut           ###.....     6%          2
 Bolt of Magma            Conj/Fire/Erth ######....   7%          5
 Iron Shot                Conj/Erth      ######....   10%         6
 Statue Form              Tmut/Erth      ######...    10%         6
 Call Canine Familiar     Summ           ###.....     12%         3
 Confusing Touch          Hex            ###.....     12%         3
 Conjure Flame            Conj/Fire      ###.....     12%         3
 Frozen Ramparts          Ice            ###...       12%         3
 Gell's Gravitas          Tloc           ###.......   12%         3
 Ignite Poison            Fire/Tmut/Pois ###.....     12%         3
 Inner Flame              Hex/Fire       ###.....     12%         3
 Lesser Beckoning         Tloc           ###.......   12%         3
 Mephitic Cloud           Conj/Pois/Air  ###.....     12%         3
 Ozocubu's Armour         Ice            ###.....     12%         3
 Portal Projectile        Hex/Tloc       ###...       12%         3
 Spider Form              Tmut/Pois      ###.......   12%         3
 Static Discharge         Conj/Air       ###.....     12%         3
 Summon Guardian Golem    Hex/Summ       ###.....     12%         3
 Tukima's Dance           Hex            ###.....     12%         3
 Airstrike                Air            ###.......   36%         4
 Cause Fear               Hex            ###.......   36%         4
 Hailstorm                Conj/Ice       ###.....     36%         4
 Ice Form                 Ice/Tmut       ###.....     36%         4
 Iskenderun's Mystic Bla  Conj/Tloc      ###.....     36%         4
 Olgreb's Toxic Radiance  Pois           ###.....     36%         4
 Passage of Golubria      Tloc           N/A          36%         4
 Sticky Flame             Conj/Fire      ###.....     36%         4
 Summon Ice Beast         Ice/Summ       ###.....     36%         4
 Summon Lightning Spire   Summ/Air       ###.....     36%         4
 Alistair's Intoxication  Tmut/Pois      ###......    71%         5
 Blade Hands              Tmut           ###.......   71%         5
 Fireball                 Conj/Fire      ###.......   71%         5
 Irradiate                Conj/Tmut      ###.......   71%         5
 Lightning Bolt           Conj/Air       ###.......   71%         5
 Metabolic Englaciation   Hex/Ice        ###.......   71%         5
 Silence                  Hex/Air        ###.......   71%         5
 Summon Forest            Summ/Tloc      ###.......   71%         5
 Yara's Violent Unravell  Hex/Tmut       ###.......   71%         5
 Conjure Ball Lightning   Conj/Air       ###.......   99%         6
 Dispersal                Tloc           ###.......   99%         6
 Eringya's Noxious Bog    Tmut/Pois      ###.......   99%         6
 Freezing Cloud           Conj/Ice/Air   ###.......   99%         6
 Hydra Form               Tmut           ###.......   99%         6
 Invisibility             Hex            ###.....     99%         6
 Ozocubu's Refrigeration  Ice            ###.......   99%         6
 Simulacrum               Ice/Necr       ###.......   99%         6
 Dragon Form              Tmut           ###.......   100%        7
 Orb of Destruction       Conj           ###.......   100%        7
 Summon Hydra             Summ           ###.......   100%        7
 Discord                  Hex            ###.......   100%        8
 Ignition                 Fire           ###.......   100%        8
 Tornado                  Air            ###.......   100%        9


Dungeon Overview and Level Annotations

Branches:
Dungeon (15/15)            Temple (1/1) D:7            Lair (6/6) D:10
  Swamp (4/4) Lair:2        Snake (4/4) Lair:4        Slime (0/5) Lair:5
    Orc (2/2) D:9             Elf (3/3) Orc:2        Vaults (5/5) D:14
  Crypt (3/3) Vaults:2       Tomb (0/3) Crypt:3      Depths (5/5) D:15
   Hell (visited)             Dis (4/7) Hell            Geh (0/7) Hell
    Coc (0/7) Hell            Tar (0/7) Hell            Zot (0/5) Depths:5
  IceCv (visited)

Altars:
Ashenzari
Cheibriados
Dithmenos
Elyvilon
Fedhas
Gozag
Hepliaklqana
Kikubaaqudgha
Makhleb
Nemelex Xobeh
Okawaru
Qazlal
Ru
Sif Muna
Trog
Uskayaw
Vehumet
Wu Jian
Xom
Yredelemnul
Zin
The Shining One
Beogh
Jiyva

Shops:
D:13 ?   Orc:1 *   Orc:2 !?}(   Elf:1 (   Elf:2 *   Snake:1 (   Snake:2 }
Vaults:1 ?   Vaults:3 [   Vaults:5 =

Portals:
Hell: Depths:1 Depths:2 Depths:3 Depths:4 Depths:5
Abyss: Depths:4
Pandemonium: Orc:2 Depths:1 Depths:3
Ziggurat: Depths:3
Trove: D:15 (give 5 scrolls of fog)

Annotations:
Lair:1 exclusion: 4 oklob plants


Innate Abilities, Weirdness & Mutations

You are too large for most types of armour.
You have claws for hands.
Your natural rate of healing is unusually fast.
You are covered in fur. (AC +1)
You have extremely tough skin. (AC +3)
You can translocate small distances at will.
Your muscles are strong. (Str +2)


Message History

A granite statue.
The statue shatters!
The blast of rock fragments hits the reaper!!
The reaper is moderately wounded.
The blast of rock fragments hits the reaper!!
The reaper is heavily wounded.
The reaper completely misses you.
Unknown command.
Casting: Lee's Rapid Deconstruction (safe; 1% risk of failure)
Confirm with . or Enter, or press ? or * to list all spells.
Aiming: Lee's Rapid Deconstruction (safe; 1% risk of failure)
Press: ? - help, Dir - move target cursor A granite statue.
The statue shatters!
The blast of rock fragments hits the reaper but does no damage.
The reaper is moderately wounded.
The blast of rock fragments hits the reaper!
The reaper is severely wounded.
The reaper hits you from afar with a +1 vorpal scythe!!
You die...

...#.....#################)##
##†#.....#.......#.......§).#
.).#.....#.......#.....Z....#
)†.#.....#.......#.8...Z..8.#
.))#.....'.†..)..#.)).......#
..))..)..#)..)...#.)........#
##########......)#.)).......#
#......#.......#28......8.#
#.8..8.'......@'2..^......#
#......#.......#..........'.
#......#.......############.
#..))..#'####### ..#.)∩)..#..
..'.8.)8.# ..#.{....# #
########


You could see 2 reapers, a snapping turtle zombie and an ettin zombie.

Vanquished Creatures
  5 ancient liches
  Mara (Depths:3)
  Khufu (Crypt:2)
  2 juggernauts
  Boris (twice) (Vaults:5 Crypt:3)
  3 greater mummies (Crypt:2)
  Sojobo (Depths:2)
  Frederick (Crypt:2)
  Saint Roka (Snake:4)
  Margery (Depths:2)
  Vashnia (Snake:4)
  Geryon (Hell)
  6 golden dragons
  Nikola (Snake:4)
  6 liches
  A Brimstone Fiend (Dis:2)
  5 bone dragons
  2 iron giants
  A Hell Sentinel (Dis:1)
  2 tentacled monstrosities
  An Ice Fiend (Dis:2)
  5 titans (Vaults:5)
  The ghost of Kuqudo the Champion of Chaos, an adept DDFi of Makhleb (Vaults:2)
  2 quicksilver dragons
  2 deep elf master archers (Elf:3)
  3 Executioners
  15 ancient champions
  6 sphinxes
  6 storm dragons
  The ghost of hemabe71 the Covert, an adept HuAr of Trog (Elf:2)
  5 thorn hunters
  2 shadow dragons (Vaults:5)
  The ghost of Niraf the Warrior, an adept MiFi of Qazlal (Snake:4)
  Kirke (Swamp:2)
  7 tengu reavers
  A revenant (Crypt:2)
  An azure jelly (shapeshifter) (Vaults:5)
  9 nagarajas
  12 frost giants
  11 fire giants
  13 vault wardens
  5 deep elf sorcerers
  An emperor scorpion (shapeshifter) (Vaults:5)
  5 iron dragons
  2 balrugs
  A cacodemon (Dis:2)
  6 curse skulls
  A draconian scorcher (Depths:5)
  33 reapers
  Aizul (Crypt:1)
  33 stone giants
  15 ironheart preservers
  3 deep elf elementalists (Elf:3)
  A ghoul (Crypt:2)
  2 entropy weavers (Vaults:5)
  4 spriggan defenders
  26 very ugly things
  4 war gargoyles
  A green draconian (Depths:5)
  4 deep elf demonologists (Elf:3)
  A lorocyproca (Dis:1)
  13 vampire knights
  A red draconian (Depths:5)
  2 white draconians (Depths:5)
  10 deep elf annihilators
  A purple draconian (Depths:5)
  The ghost of hofbold the Fighter, a journeyman OgEE of Makhleb (Lair:1)
  4 spark wasps
  3 yellow draconians (Depths:5)
  3 blizzard demons
  7 eidola
  16 ettins
  2 green deaths
  13 jiangshi
  A quicksilver dragon zombie (Dis:4)
  9 deep elf death magi
  An ettin (shapeshifter) (Vaults:5)
  A fire dragon (shapeshifter) (Vaults:5)
  8 great orbs of eyes
  Josephine (D:13)
  15 fire dragons
  20 yaktaur captains
  A small abomination (Vaults:5)
  Fannar (D:11)
  7 deep elf high priests
  18 hydras
  Harold (D:8)
  9 naga warriors
  36 vault guards
  16 ice dragons
  3 rakshasas
  3 spriggan air magi
  4 ghost crabs
  2 shambling mangroves (Swamp:3)
  13 centaur warriors
  2 anacondas (shapeshifter)
  A catoblepas (Lair:3)
  5 death knights
  52 two-headed ogres
  9 anacondas
  A merfolk aquamancer (Depths:2)
  11 death yaks
  11 alligators
  6 tengu warriors
  A two-headed ogre (shapeshifter) (Depths:3)
  19 ogre magi
  12 deep troll shamans
  12 deep troll earth magi
  4 vampire magi (Crypt:1)
  28 dancing weapons
  11 hell hogs
  4 titan zombies
  Sonja (D:13)
  10 orc high priests
  5 shock serpents
  14 deep elf knights
  10 spriggan berserkers
  3 sun demons
  13 naga sharpshooters
  11 soul eaters
  9 iron trolls
  10 spriggans
  A storm dragon zombie (Dis:3)
  2 titan skeletons
  2 salamander mystics (Snake:4)
  6 shadow wraiths
  2 iron golems
  82 skeletal warriors
  A storm dragon skeleton (Crypt:2)
  A golden dragon zombie (Dis:1)
  An unseen horror (shapeshifter) (Vaults:1)
  2 sixfirhies
  A spark wasp zombie (Crypt:3)
  An anaconda zombie (Hell)
  4 spriggan druids
  12 hell knights
  A torturous demonspawn (Orc:2)
  5 wizards
  6 shadow demons
  2 gelid demonspawn (Orc:2)
  An infernal demonspawn (Orc:2)
  A swamp dragon (shapeshifter) (Depths:4)
  2 unseen horrors
  2 glowing orange brains
  38 deep trolls
  11 swamp dragons
  2 anaconda skeletons (Hell)
  23 deep elf archers
  12 flayed ghosts
  A harpy (shapeshifter) (D:14)
  4 lindwurms (Lair:4)
  4 naga ritualists
  2 wolf spider zombies
  2 shadow dragon zombies
  11 phantasmal warriors
  6 necromancers
  16 ironbrand convokers
  6 harpies
  18 orc knights
  2 mana vipers (shapeshifter)
  6 frost giant zombies
  An iron dragon zombie (Crypt:3)
  3 manticores
  2 fire giant zombies (Dis:3)
  8 mana vipers
  A salamander (shapeshifter) (Vaults:5)
  74 deep elf magi
  11 orc sorcerers
  A wolf spider (Vaults:1)
  63 ugly things
  5 cyclopes
  A shadow dragon skeleton (Dis:3)
  A cyclops (shapeshifter) (Depths:3)
  5 salamanders
  A stone giant zombie (Dis:3)
  2 fire giant skeletons
  A moth of wrath (D:11)
  5 elephants (Lair:6)
  2 dire elephant zombies
  19 vault sentinels
  35 black mambas
  7 guardian serpents
  13 naga magi
  A water nymph (shapeshifter) (Vaults:5)
  A stone giant skeleton (Dis:4)
  3 frost giant skeletons
  4 gargoyles
  An iron dragon skeleton (Crypt:3)
  An orange demon (Orc:2)
  4 centaur skeletons
  A black mamba (shapeshifter) (Vaults:5)
  2 cane toads (shapeshifter) (Vaults:5)
  A smoke demon (Hell)
  2 ice statues
  A torpor snail (shapeshifter) (Elf:3)
  22 rust devils
  A dire elephant skeleton (Crypt:2)
  2 death yak zombies
  A purple draconian zombie (Crypt:3)
  A torpor snail (Lair:5)
  A yellow draconian zombie (Crypt:2)
  An emperor scorpion zombie (Dis:4)
  4 rime drakes
  14 cane toads
  2 catoblepas zombies
  4 komodo dragons
  10 hellions
  19 freezing wraiths
  2 kobold demonologists
  A hellwing (Orc:2)
  86 yaktaurs
  18 tormentors
  3 human zombies
  A queen ant zombie (Crypt:1)
  5 hydra zombies
  14 ice devils
  14 tyrant leeches
  3 merfolk (Depths:2)
  15 red devils
  13 hornets
  A guardian mummy (Crypt:3)
  A jumping spider (shapeshifter) (Vaults:1)
  2 jumping spiders (Vaults:5)
  2 tengu conjurers
  A polar bear (shapeshifter) (Vaults:5)
  A queen bee (shapeshifter) (Vaults:2)
  Prince Ribbit (D:5)
  18 trolls
  2 harpy skeletons
  A wind drake (shapeshifter) (Vaults:2)
  10 polar bears
  A meliai (shapeshifter) (Vaults:3)
  2 hydra skeletons
  2 raiju (Lair:6)
  8 bog bodies
  2 fire dragon zombies
  An iron dragon simulacrum (Crypt:3)
  15 blink frogs
  A raiju (shapeshifter) (Vaults:1)
  A hippogriff (shapeshifter) (Vaults:3)
  24 slime creatures
  17 hippogriffs
  A meliai zombie (D:13)
  13 dream sheep
  A frost giant simulacrum (Crypt:3)
  2 stone giant simulacra
  2 alligator zombies
  3 ettin zombies
  An alligator skeleton (Hell)
  13 flying skulls
  A black mamba zombie (Dis:2)
  A spriggan (shapeshifter) (D:15)
  5 water elementals
  2 air elementals
  A fire dragon skeleton (Dis:2)
  10 shadows
  71 yaks
  16 wraiths
  A tarantella (shapeshifter) (Elf:2)
  4 redbacks (Vaults:5)
  A redback (shapeshifter) (Depths:3)
  A tarantella (Vaults:5)
  A vampire (D:15)
  A yak (shapeshifter) (D:15)
  3 wyverns
  Eustachio (D:5)
  7 humans (D:14)
  5 fire elementals (Hell)
  4 hogs
  A human (shapeshifter) (Vaults:2)
  2 ettin skeletons (Crypt:2)
  2 basilisks
  A hog (shapeshifter) (Vaults:5)
  12 vampire mosquitoes
  4 steam dragons (Lair:6)
  2 death yak simulacra (IceCv)
  A human simulacrum (Vaults:2)
  13 wargs
  Menkaure (D:5)
  18 insubstantial wisps
  A naga (shapeshifter) (Depths:1)
  54 nagas
  15 swamp worms
  Edmund (D:5)
  A torturous demonspawn zombie (Crypt:2)
  11 water moccasins
  Duvessa (D:5)
  5 acid dragons
  3 floating eyes (Depths:2)
  51 hell hounds
  12 porcupines
  A porcupine (shapeshifter) (Vaults:5)
  A deep troll skeleton (Crypt:2)
  A faun skeleton (Crypt:1)
  2 swamp dragon zombies
  20 black bears
  2 hornet zombies
  10 swamp drakes
  43 orc warriors
  11 ice beasts
  2 sky beasts
  7 necrophages
  An elf zombie (Vaults:4)
  4 eyes of draining
  2 snapping turtle zombies (Dis:3)
  10 boggarts
  An eye of draining (shapeshifter) (Vaults:3)
  54 ogres
  3 phantoms
  34 wolves
  A human skeleton (Vaults:2)
  A torpor snail zombie (Crypt:1)
  23 centaurs
  A centaur (shapeshifter) (Vaults:4)
  16 crocodiles
  2 big kobolds
  10 bullfrogs
  4 earth elementals
  2 gnoll sergeants
  A yaktaur skeleton (Crypt:1)
  Dowan (D:5)
  A troll zombie (Crypt:1)
  A raiju zombie (Crypt:3)
  2 scorpions
  20 killer bees
  A spriggan zombie (Dis:3)
  An elf simulacrum (Vaults:4)
  59 wights
  An orc simulacrum (Vaults:1)
  A troll skeleton (Crypt:2)
  A swamp dragon simulacrum (IceCv)
  5 howler monkeys
  An electric eel (D:11)
  A crimson imp (D:4)
  A bullfrog zombie (D:13)
  7 hounds
  2 centaur zombies
  A draconian simulacrum (IceCv)
  4 jellies
  2 quasits
  A demonspawn zombie (Crypt:2)
  28 orc priests
  25 iron imps
  21 orc wizards
  3 bullfrog skeletons
  2 iguanas
  A demonspawn skeleton (Crypt:1)
  7 worker ants
  6 troll simulacra (IceCv)
  4 spriggan simulacra (IceCv)
  A wolf simulacrum (IceCv)
  A deep dwarf zombie (Crypt:3)
  An acid dragon zombie (Crypt:1)
  A big kobold skeleton (Crypt:1)
  2 hound skeletons
  21 mummies
  2 ogre simulacra (IceCv)
  11 gnolls
  2 howler monkey skeletons
  13 adders
  A river rat (D:11)
  7 naga simulacra (IceCv)
  26 white imps
  4 ufetubi
  An ooze (D:1)
  3 adder skeletons
  2 worms (D:3)
  A barachi skeleton (Crypt:3)
  2 dart slugs
  4 leopard geckos
  115 orcs
  A ball python (D:2)
  4 bats
  3 giant cockroaches
  8 goblins
  5 hobgoblins
  12 jackals
  7 quokkas
  8 frilled lizards
  13 kobolds
  6 rats
  2 fungi (Elf:3)
  A plant (Lair:6)
2931 creatures vanquished.

Vanquished Creatures (collateral kills)
  A skeletal warrior (Hell)
  2 fire elementals (Hell)
  A hell hound (Hell)
4 creatures vanquished.

Vanquished Creatures (others)
  A deep elf archer (Elf:2)
  2 deep elf magi
  A shadow (D:15)
  A human (D:14)
  A swamp drake (Swamp:1)
  An orc warrior (Orc:2)
  An iron imp (Dis:1)
  An adder (D:11)
  2 orcs (Elf:2)
  5 briar patches
  27 fungi
  39 plants
82 creatures vanquished.

Grand Total: 3017 creatures vanquished

Notes
Turn   | Place    | Note
-------+----------+-------------------------------------------
     0 | D:1      | KristoblXynda the Troll Monk began the quest for the Orb.
     0 | D:1      | Reached XP level 1. HP: 22/22 MP: 0/0
   107 | D:1      | Reached XP level 2. HP: 29/29 MP: 1/1
   519 | D:1      | Reached XP level 3. HP: 36/36 MP: 2/2
   679 | D:2      | Reached XP level 4. HP: 45/45 MP: 3/3
   833 | D:2      | Reached skill level 4 in Unarmed Combat
  1309 | D:3      | Reached XP level 5. HP: 51/53 MP: 4/4
  1740 | D:3      | Found a hide-covered altar of Uskayaw.
  1756 | D:3      | Found a bloodstained altar of Trog.
  1759 | D:3      | Found a white marble altar of Elyvilon.
  1882 | D:4      | Reached XP level 6. HP: 33/62 MP: 5/5
  2569 | D:4      | Found a burning altar of Makhleb.
  2569 | D:4      | Found a radiant altar of Vehumet.
  2665 | D:5      | Entered Level 5 of the Dungeon
  2750 | D:5      | Noticed Eustachio
  2750 | D:5      | Noticed Edmund
  2751 | D:5      | Noticed Menkaure
  2848 | D:5      | Killed Menkaure
  2848 | D:5      | Reached skill level 5 in Unarmed Combat
  2896 | D:5      | Killed Eustachio
  2896 | D:5      | Reached XP level 7. HP: 44/71 MP: 6/6
  3136 | D:5      | Noticed Dowan
  3139 | D:5      | Noticed Duvessa
  3154 | D:5      | Killed Duvessa
  3158 | D:5      | Killed Dowan
  3242 | D:5      | Killed Edmund
  3242 | D:5      | Reached skill level 6 in Unarmed Combat
  3301 | D:5      | Noticed Prince Ribbit
  3471 | D:5      | Killed Prince Ribbit
  3471 | D:5      | Reached skill level 5 in Dodging
  3471 | D:5      | Reached XP level 8. HP: 42/79 MP: 7/7
  3511 | D:6      | Reached skill level 5 in Fighting
  3689 | D:6      | Reached skill level 7 in Unarmed Combat
  3799 | D:6      | Reached skill level 1 in Evocations
  4206 | D:6      | Reached skill level 8 in Unarmed Combat
  4538 | D:7      | Found a snail-covered altar of Cheibriados.
  4566 | D:7      | Became a worshipper of Cheibriados the Contemplative
  4566 | D:7      | Reached * piety under Cheibriados
  4566 | D:7      | Reached ** piety under Cheibriados
  4593 | D:7      | Found an ornate altar of the Wu Jian Council.
  4648 | D:7      | Found a glowing silver altar of Zin.
  4693 | D:7      | Found a staircase to the Ecumenical Temple.
  4700 | Temple   | Entered the Ecumenical Temple
  5037 | D:7      | Reached XP level 9. HP: 88/88 MP: 8/8
  5078 | D:7      | Reached skill level 1 in Invocations
  5270 | D:7      | Found a shattered altar of Ashenzari.
  6162 | D:8      | Reached *** piety under Cheibriados
  6632 | D:8      | Noticed a two-headed ogre
  6643 | D:8      | Killed a two-headed ogre
  6643 | D:8      | Reached skill level 9 in Unarmed Combat
  6705 | D:8      | Reached XP level 10. HP: 81/95 MP: 11/11
  6746 | D:8      | Noticed Harold
  6758 | D:8      | Killed Harold
  7094 | D:9      | Reached **** piety under Cheibriados
  7248 | D:9      | Found a staircase to the Orcish Mines.
  7597 | D:9      | Reached skill level 5 in Invocations
  7720 | D:9      | Reached ***** piety under Cheibriados
  7720 | D:9      | Reached skill level 10 in Unarmed Combat
  8024 | D:9      | Reached skill level 5 in Evocations
  8321 | D:10     | Entered Level 10 of the Dungeon
  8517 | D:10     | Reached XP level 11. HP: 91/102 MP: 14/14
  8518 | D:10     | Found a staircase to the Lair.
  9089 | D:10     | Found a bloodstained altar of Trog.
  9512 | Lair:1   | Entered Level 1 of the Lair of Beasts
  9527 | D:11     | Noticed a two-headed ogre
  9538 | D:11     | Killed a two-headed ogre
  9538 | D:11     | Reached skill level 1 in Armour
  9757 | D:11     | Noticed a brown ugly thing
  9775 | D:11     | Killed a brown ugly thing
  9875 | D:11     | Reached skill level 11 in Unarmed Combat
  9993 | D:11     | Noticed a deep troll
  9996 | D:11     | Reached ****** piety under Cheibriados
 10001 | D:11     | Noticed an iron troll
 10005 | D:11     | Killed a deep troll
 10288 | D:11     | Noticed Fannar
 10288 | D:11     | Noticed an unseen horror
 10307 | D:11     | Killed Fannar
 10328 | D:11     | Reached XP level 12. HP: 73/111 MP: 10/15
 11232 | D:11     | Reached skill level 5 in Armour
 11476 | D:12     | Noticed a two-headed ogre
 11487 | D:11     | Killed a two-headed ogre
 11487 | D:11     | Reached skill level 12 in Unarmed Combat
 11552 | D:12     | Noticed a two-headed ogre
 11563 | D:12     | Killed a two-headed ogre
 11805 | D:12     | Reached skill level 10 in Dodging
 12135 | D:13     | Found Edybbomo's Magic Scroll Shoppe.
 12205 | D:13     | Noticed Sonja
 12213 | D:13     | Killed Sonja
 12244 | D:13     | Noticed Josephine
 12263 | D:13     | Killed Josephine
 12263 | D:13     | Reached XP level 13. HP: 110/120 MP: 16/16
 12286 | D:13     | Found a frozen archway.
 12296 | IceCv    | Entered an ice cave
 12893 | IceCv    | Found an ancient bone altar of Kikubaaqudgha.
 13530 | D:13     | Reached skill level 13 in Unarmed Combat
 14127 | D:14     | Learned a level 4 spell: Leda's Liquefaction
 14477 | D:14     | Identified the Catalogue of Dislocation and Poisoning
 14782 | D:14     | Found a gate to the Vaults.
 15007 | D:15     | Entered Level 15 of the Dungeon
 15048 | D:15     | Reached XP level 14. HP: 63/133 MP: 17/17
 15055 | D:15     | Identified the +11 war axe "Liyhuxon" {vorpal, rElec MR++
                  | Int+4}
 15722 | D:15     | Found a staircase to the Depths.
 16167 | D:15     | Found a portal to a secret trove of treasure.
 16502 | Lair:1   | Noticed hofbold's ghost (journeyman OgEE)
 16529 | Lair:1   | Found a transporter.
 16595 | Lair:1   | Reached skill level 14 in Unarmed Combat
 17243 | Lair:1   | Found a transporter.
 17784 | Lair:2   | Found a staircase to the Swamp.
 18001 | Lair:2   | Found a shadowy altar of Dithmenos.
 19467 | Lair:4   | Found a staircase to the Snake Pit.
 19503 | Lair:4   | Reached XP level 15. HP: 108/146 MP: 18/18
 20135 | Lair:5   | Found a staircase to the Slime Pits.
 20135 | Lair:5   | Found a viscous altar of Jiyva.
 20939 | Lair:6   | Entered Level 6 of the Lair of Beasts
 21467 | Lair:6   | Reached skill level 15 in Unarmed Combat
 21564 | Lair:6   | Reached skill level 10 in Armour
 21873 | Lair:6   | Reached skill level 1 in Shields
 21919 | Lair:6   | Reached skill level 10 in Fighting
 21989 | Lair:6   | Reached skill level 1 in Earth Magic
 22973 | Lair:1   | Killed hofbold's ghost
 23159 | Orc:1    | Entered Level 1 of the Orcish Mines
 23213 | Orc:2    | Entered Level 2 of the Orcish Mines
 23312 | Orc:2    | Found Asmair's Distillery.
 23361 | Orc:2    | Found Zadus's Magic Scroll Shoppe.
 23390 | Orc:2    | Bought a potion of heal wounds for 55 gold pieces
 23404 | Orc:2    | Reached XP level 16. HP: 158/158 MP: 19/19
 23540 | Orc:2    | Found a staircase to the Elven Halls.
 23744 | Orc:2    | Paralysed by an orc sorcerer for 5 turns
 23756 | Orc:2    | HP: 4/158 [orc sorcerer/bolt of fire (6)]
 24565 | Orc:2    | Found Efai's Antique Weapon Boutique.
 24565 | Orc:2    | Found a one-way gate leading to the halls of Pandemonium.
 24565 | Orc:2    | Found Ged Laur's Gadget Shop.
 24635 | Orc:2    | Found a roughly hewn altar of Beogh.
 24929 | Orc:1    | Found Alaczoc's Mass Market.
 25459 | Snake:1  | Entered Level 1 of the Snake Pit
 26598 | Snake:1  | Found Puotin's Weapon Boutique.
 26836 | Snake:2  | Reached skill level 5 in Earth Magic
 26864 | Snake:2  | Reached skill level 5 in Shields
 27404 | Snake:2  | Reached XP level 17. HP: 166/166 MP: 20/20
 27554 | Snake:2  | Found Uxifuawio's Gadget Shoppe.
 27668 | Snake:2  | Identified a scroll of acquirement
 27668 | Snake:2  | Acquired the ring "Guyliub" {rPois rN+ Str+6 Dex+5}
 28837 | Snake:4  | Entered Level 4 of the Snake Pit
 29217 | Snake:4  | Reached XP level 18. HP: 127/174 MP: 21/21
 29404 | Snake:4  | Noticed Vashnia
 29421 | Snake:4  | Killed Vashnia
 29446 | Snake:4  | HP: 8/174 [anaconda (11)]
 29935 | Snake:4  | Noticed Nikola
 30175 | Snake:4  | Noticed Saint Roka
 30477 | Swamp:1  | Entered Level 1 of the Swamp
 31836 | Swamp:2  | Noticed Kirke
 31855 | Swamp:2  | Killed Kirke
 33329 | Swamp:4  | Entered Level 4 of the Swamp
 33575 | Swamp:4  | Reached XP level 19. HP: 75/182 MP: 22/22
 33880 | Swamp:4  | Got a decaying rune of Zot
 33970 | Swamp:4  | Reached skill level 10 in Earth Magic
 34845 | Depths:1 | Entered Level 1 of the Depths
 35363 | Snake:4  | Found a shimmering altar of Xom.
 35387 | Snake:4  | Killed Saint Roka
 35912 | Snake:4  | Killed Nikola
 36142 | Snake:4  | Got a serpentine rune of Zot
 36511 | Snake:4  | Found a runed translucent door.
 36513 | Snake:4  | Noticed Niraf's ghost (adept MiFi)
 36729 | Snake:4  | Killed Niraf's ghost
 37369 | Orc:2    | Bought a scroll of teleportation for 45 gold pieces
 37369 | Orc:2    | Bought a scroll of enchant armour for 112 gold pieces
 37369 | Orc:2    | Bought a scroll of blinking for 112 gold pieces
 37369 | Orc:2    | Bought a scroll of fear for 52 gold pieces
 37369 | Orc:2    | Bought a scroll of fear for 52 gold pieces
 37396 | Elf:1    | Entered Level 1 of the Elven Halls
 37592 | Elf:1    | Found Omeg's Weapon Shoppe.
 37724 | Elf:1    | Identified the Catalogue of Battle Magic
 38514 | Elf:2    | Found a runed translucent gate.
 38515 | Elf:2    | Found a runed translucent gate.
 38516 | Elf:2    | Noticed hemabe71's ghost (adept HuAr)
 38516 | Elf:2    | Found a runed translucent gate.
 38585 | Elf:2    | Reached skill level 16 in Unarmed Combat
 38611 | Elf:2    | Gained mutation: Your body sometimes deteriorates upon
                  | taking damage. [mutagenic glow]
 38644 | Elf:2    | Gained mutation: You are dopey. (Int -2) [mutagenic glow]
 38683 | Elf:2    | Gained mutation: Your magical capacity is low. (-10% MP)
                  | [mutagenic glow]
 38732 | Elf:2    | Gained mutation: Scrolls take you a little longer to read.
                  | [mutagenic glow]
 38774 | Elf:2    | Gained mutation: You are frail. (-10% HP) [mutagenic glow]
 38776 | Elf:2    | Lost mutation: Scrolls take you a little longer to read.
                  | [potion of mutation]
 38776 | Elf:2    | Lost mutation: Your body sometimes deteriorates upon taking
                  | damage. [potion of mutation]
 38776 | Elf:2    | Lost mutation: You are frail. (-10% HP) [potion of
                  | mutation]
 38776 | Elf:2    | Lost mutation: Your magical capacity is low. (-10% MP)
                  | [potion of mutation]
 38776 | Elf:2    | Gained mutation: You can translocate small distances at
                  | will. [potion of mutation]
 38776 | Elf:2    | Lost mutation: You are dopey. (Int -2) [potion of mutation]
 38776 | Elf:2    | Gained mutation: Your muscles are strong. (Str +2) [potion
                  | of mutation]
 39206 | Elf:2    | Reached XP level 20. HP: 196/196 MP: 23/23
 39244 | Elf:2    | Found Goor's General Store.
 39564 | Elf:2    | Killed hemabe71's ghost
 39609 | Elf:2    | Found a runed translucent gate.
 39774 | Elf:2    | Found a runed translucent gate.
 39775 | Elf:2    | Found a runed translucent gate.
 40654 | Depths:1 | Found a gateway to Hell.
 41543 | Depths:1 | Paralysed by an ogre mage for 7 turns
 41624 | Depths:1 | Paralysed by a great orb of eyes for 5 turns
 42266 | Vaults:1 | Entered Level 1 of the Vaults
 42318 | Vaults:1 | Reached skill level 17 in Unarmed Combat
 42445 | Vaults:1 | Reached XP level 21. HP: 196/208 MP: 24/24
 43142 | Vaults:1 | Paralysed by an ogre mage for 6 turns
 43353 | Vaults:1 | Found Tegguu's Magic Scroll Shoppe.
 44388 | Vaults:2 | Reached skill level 15 in Armour
 44420 | Vaults:2 | Learned a level 9 spell: Shatter
 45225 | Vaults:2 | Found a runed translucent door.
 45525 | Vaults:2 | Found a staircase to the Crypt.
 45699 | Vaults:2 | Noticed Kuqudo's ghost (adept DDFi)
 45719 | Vaults:2 | Killed Kuqudo's ghost
 46533 | Vaults:3 | Reached skill level 18 in Unarmed Combat
 46752 | Vaults:3 | Reached XP level 22. HP: 219/219 MP: 25/25
 46997 | Vaults:3 | Found Kuir's Antique Armour Shoppe.
 50392 | Crypt:1  | Entered Level 1 of the Crypt
 50782 | Crypt:1  | Paralysed by a vampire knight for 7 turns
 50863 | Crypt:1  | Noticed Aizul
 50873 | Crypt:1  | Killed Aizul
 51202 | Crypt:1  | Found a basalt altar of Yredelemnul.
 52159 | Depths:2 | Got a crude ivory ring
 52231 | Depths:2 | Paralysed by a vampire knight for 6 turns
 52262 | Depths:2 | Reached XP level 23. HP: 98/228 MP: 28/28
 52500 | Depths:2 | Noticed Sojobo
 52544 | Depths:2 | Reached skill level 19 in Unarmed Combat
 52598 | Depths:2 | Paralysed by a floating eye for 4 turns
 52602 | Depths:2 | Paralysed by a floating eye for 3 turns
 52646 | Depths:2 | Got a glittering ivory ring
 52647 | Depths:2 | Identified the ring "Zufipe" {MR++ Dex+6} (You found it on
                  | level 2 of the Depths)
 52648 | Depths:2 | Identified the ring of Pobokol {Wiz +Inv rElec MR- Int+4}
                  | (You found it on level 2 of the Depths)
 52822 | Depths:2 | Reached skill level 15 in Earth Magic
 52883 | Depths:2 | Noticed Margery
 52898 | Depths:2 | Killed Margery
 52940 | Depths:2 | Noticed a juggernaut
 52950 | Depths:2 | Killed a juggernaut
 53006 | Depths:2 | Found a burning altar of Makhleb.
 53353 | Depths:2 | Identified the ring of Cobixkaf {Fire Str+4 SInv}
 53374 | Depths:2 | Killed Sojobo
 53455 | Depths:2 | Found an iron altar of Okawaru.
 53919 | Depths:3 | Reached skill level 10 in Invocations
 54119 | Depths:3 | Found a gateway to a ziggurat.
 54142 | Depths:3 | Noticed Mara
 54156 | Depths:3 | Noticed KristoblXynda's illusion
 54882 | Elf:3    | Entered Level 3 of the Elven Halls
 55512 | Elf:3    | Reached XP level 24. HP: 236/236 MP: 29/29
 55784 | Elf:3    | Identified the +8 war axe of Nemelex Xobeh's Anger {vorpal,
                  | MR++ Str+7 Int-4}
 55929 | Elf:3    | Got a steaming tin ring
 55935 | Elf:3    | Got a faintly glowing sapphire amulet
 55938 | Elf:3    | Identified the ring of the Enemy {rElec rF+ MR+ Str+4} (You
                  | found it on level 3 of the Elven Halls)
 55939 | Elf:3    | Identified the amulet "Qatoz" {Acrobat Int+5} (You found it
                  | on level 3 of the Elven Halls)
 56402 | Crypt:2  | Reached skill level 20 in Unarmed Combat
 56546 | Crypt:2  | Noticed Frederick
 56570 | Crypt:2  | Killed Frederick
 56615 | Crypt:2  | Noticed a greater mummy
 57134 | Crypt:2  | Noticed a greater mummy
 57134 | Crypt:2  | Noticed a greater mummy
 57142 | Crypt:2  | Killed a greater mummy
 57143 | Crypt:2  | Noticed Khufu
 57828 | Vaults:5 | Entered Level 5 of the Vaults
 57843 | Vaults:5 | Reached skill level 5 in Spellcasting
 58309 | Vaults:5 | Identified the Collected Works on Earthen Air
 58350 | Vaults:5 | Identified the Tome of Transmutation and the Blaze
 58410 | Vaults:5 | Noticed an ancient lich
 58422 | Vaults:5 | Killed an ancient lich
 58436 | Vaults:5 | Reached XP level 25. HP: 193/248 MP: 30/31
 58472 | Vaults:5 | Noticed an ancient lich
 58497 | Vaults:5 | Killed an ancient lich
 58586 | Vaults:5 | Noticed Boris
 58605 | Vaults:5 | Killed Boris
 58682 | Vaults:5 | HP: 8/248 [stone giant/large rock (20)]
 58836 | Vaults:5 | Got a silver rune of Zot
 59543 | Vaults:5 | Identified the Handbook of Snow and Flight
 60002 | Vaults:5 | Found Jevok's Jewellery Shop.
 60013 | Vaults:5 | Bought an uncursed ring of flight for 280 gold pieces
 60728 | Crypt:2  | Killed a greater mummy
 60728 | Crypt:2  | HP: 9/246 [something (22)]
 60737 | Crypt:2  | Killed a greater mummy
 60740 | Crypt:2  | Killed Khufu
 61351 | Crypt:3  | Entered Level 3 of the Crypt
 61393 | Crypt:3  | HP: 12/248 [jiangshi[a curse skull] (17)]
 61793 | Crypt:3  | Identified the amulet "Keotef" {rC+ Regen+ Str+2 Stlth+}
 61806 | Crypt:3  | Noticed Boris
 61817 | Crypt:3  | Killed Boris
 62001 | Crypt:3  | Reached XP level 26. HP: 19/257 MP: 33/33
 62590 | Crypt:3  | Noticed an ancient lich
 62590 | Crypt:3  | Noticed an ancient lich
 62608 | Crypt:3  | Killed an ancient lich
 62617 | Crypt:3  | Killed an ancient lich
 62790 | Crypt:3  | Noticed an ancient lich
 62807 | Crypt:3  | Killed an ancient lich
 62819 | Crypt:3  | Got a pitted brass ring
 62819 | Crypt:3  | Got a slimy copper ring
 62823 | Crypt:3  | Got a scorched jade ring
 62842 | Crypt:3  | Identified the ring "Isokk" {*Tele +Blink rF+} (You found
                  | it on level 3 of the Crypt)
 62843 | Crypt:3  | Identified the ring of Poumuen {*Contam rC+ rN+ Str-5
                  | Dex+5} (You found it on level 3 of the Crypt)
 62844 | Crypt:3  | Identified the ring "Quahat Orink" {+Blink +Fly rN+ Str+3
                  | Int+3} (You found it on level 3 of the Crypt)
 63106 | Crypt:3  | Found a staircase to the Tomb.
 63438 | Lair:1   | Acquired a manual of Dodging
 64112 | Depths:3 | Reached skill level 15 in Dodging
 64148 | Depths:3 | Learned a level 4 spell: Petrify
 64164 | Depths:3 | Learned a level 5 spell: Lee's Rapid Deconstruction
 64198 | Depths:3 | Killed Mara
 64206 | Depths:3 | Identified the Catalogue of Nocuous Translocation
 64733 | Depths:4 | Found a one-way gate to the infinite horrors of the Abyss.
 64763 | Depths:4 | You fall into a shaft and drop 1 floor!
 64763 | Depths:5 | Entered Level 5 of the Depths
 65107 | Depths:5 | Found a gate to the Realm of Zot.
 66149 | Depths:5 | Found an ancient bone altar of Kikubaaqudgha.
 66177 | Depths:5 | Reached XP level 27. HP: 260/265 MP: 35/35
 66378 | Depths:4 | Noticed a juggernaut
 66392 | Depths:4 | Killed a juggernaut
 66943 | Depths:4 | Paralysed by a lich for 2 turns
 66999 | Depths:4 | Found a runed translucent door.
 67000 | Depths:4 | Found a runed translucent door.
 67054 | Depths:4 | Identified the Tome of Lightness
 67688 | Hell     | Entered the Vestibule of Hell
 67688 | Hell     | Noticed Geryon
 67953 | Hell     | Killed Geryon
 68130 | Hell     | Found a gateway to the freezing wastes of Cocytus.
 68152 | Hell     | Reached skill level 10 in Spellcasting
 68252 | Hell     | Found a gateway to the ashen valley of Gehenna.
 68346 | Hell     | Found a gateway to the decaying netherworld of Tartarus.
 68537 | Hell     | Found a gateway to the Iron City of Dis.
 68568 | Dis:1    | Entered Level 1 of the Iron City of Dis
 69741 | Dis:2    | You fall into a shaft and drop 1 floor!
 71996 | Dis:2    | Reached skill level 10 in Shields
 72803 | Dis:4    | Reached skill level 21 in Unarmed Combat
 72935 | Dis:4    | HP: 11/265 [reaper/+1 vorpal scythe (23)]
 72949 | Dis:4    | Slain by a reaper

Illustrated notes

Levels and vault maps discovered:
D:1:      dpeg_arrival_long_road, layout_loops_cross
D:2:      layout_rooms
D:3:      layout_basic, grunt_temple_overflow_diamond, grunt_ministairs_1
D:4:      layout_loops_corners, grunt_temple_overflow_lords_of_destruction,
          amethyst_killhole
D:5:      layout_rooms, uniq_duvessa, uniq_prince_ribbit1, uniq_eustachio,
          uniq_menkaure, uniq_edmund
D:6:      layout_rooms, serial_bayou_pond_c
D:7:      layout_cave_pods, kennysheep_mini, lemuel_coloured_pillars_altar,
          overflow_temple_1_default, minmay_temple_entry_grid, basic_altar
D:8:      layout_basic, uniq_harold
D:9:      layout_stronghold, david_orc_2, st_stairs_10, minmay_misc_feat_tower,
          minmay_misc_feat_rows
D:10:     layout_small_grid, due_lair_maze_entry_diamond, basic_altar
D:11:     lemuel_troll_bridge, layout_basic, uniq_fannar
D:12:     layout_cross, ebering_dispersal_statue_hall, minmay_misc_feat_alley
D:13:     layout_rooms, serial_shops, shop_statue, portal_ice_cave_entry_imps,
          uniq_sonja, uniq_josephine
D:14:     layout_loops_corners, ximxim_vaults_locker_room,
          minmay_misc_feat_five, hangedman_abyss_or_decor_jellyfish_corner
D:15:     grunt_enter_depths_hoard, layout_loops_ring, serial_bayou_pond_d,
          enter_trove_5, st_stairs_13
Temple:   minmay_temple_curvy_branch
Lair:1:   layout_chaotic_city, gammafunk_ghost_arena, minmay_lair_oklob_chamber,
          grunt_megastairs_5
Lair:2:   layout_chaotic_city, swamp_mist, basic_altar
Lair:3:   layout_big_grid, small_statue_intersection
Lair:4:   layout_hall_layers, minmay_snake_entry_guardpost_small,
          minmay_lindwurm_lava
Lair:5:   layout_roguey, slime_altar_1, grunt_megastairs_3
Lair:6:   guppyfry_lair_end_dragon, layout_misc_corridors,
          hangedman_lair_caniforms_friends, st_stairs_10
Swamp:1:  layout_basic_swamp, hangedman_swamp_ruin_wall
Swamp:2:  layout_basic_swamp, hangedman_swamp_diagram, swamp_pool1,
          hangedman_swamp_lotus, uniq_kirke
Swamp:3:  layout_basic_swamp, evilmike_swamp_ruin_rubble_1, swamp_pool3
Swamp:4:  swamp, layout_basic_swamp
Snake:1:  layout_layer_cave, serial_shops, nicolae_shop_behind_doors
Snake:2:  layout_grid_shapes, serial_shops, shop
Snake:3:  layout_onion_interference, lemuel_fruit_tree
Snake:4:  johnstein_snake_rune_scales, layout_basic, ebering_ghost_inner_flame,
          basic_altar, uniq_saint_roka, uniq_nikola
Orc:1:    layout_diamond_mine, minmay_shop_mass, sword_in_stone
Orc:2:    pf_orc_diabolical, layout_caves, basic_altar
Elf:1:    minmay_elf_arrival_summoners, layout_gridlike, serial_shops, shop,
          minmay_elf_annihilation
Elf:2:    layout_onion_city, serial_shops, shop, gammafunk_ghost_tricky_traps
Elf:3:    minmay_elf_hall_dome, layout_geoelf_octagon
Vaults:1: nicolae_vaults_alarming, hangedman_vaults_hat,
          nicolae_vaults_circle_grid_b, vaults_mumra_minichess_inversion,
          vaults_room_pool, v_misc_3, v_misc_4, ontoclasm_vaults_twist,
          layout_vaults_omnigrid, serial_shops, shop_scrolls
Vaults:2: ebering_vaults_ghost_reflecting_pool,
          minmay_crypt_entry_nasty_monster, v_misc_5,
          vaults_room_stairs_pillars, v_misc_13, nicolae_vaults_ninety_degrees,
          st_cross, nicolae_vaults_circle_grid_b, hangedman_vaults_cutoff,
          nicolae_vaults_network_periphery, ontoclasm_vaults_loading_screen,
          v_misc_3, vaults_room_stairs_pillars, vaults_room_large_hall,
          nicolae_vaults_what_the_h, layout_vaults_big_cross
Vaults:3: v_misc_28, vaults_room_fours, v_misc_25, grunt_vaults_funnel,
          v_misc_19, st_squares, hangedman_vaults_cutoff,
          nicolae_vaults_network_s, nicolae_vaults_sealed_display,
          vaults_room_grid, vaults_room_door_ring, layout_vaults_big_room,
          serial_shops, shop
Vaults:4: nicolae_vaults_little_ls, vaults_room_octagon,
          ontoclasm_vaults_shuriken, vaults_dpeg_hooks,
          hangedman_vaults_stagger, vaults_room_door_hall,
          dpeg_vaults_monster_row, vaults_room_boxed,
          nicolae_vaults_little_squares_3, nicolae_vaults_little_squares_4,
          vaults_room_door_ring, ontoclasm_vaults_ring_small,
          vaults_room_stairs_pillars, layout_vaults_maze_bifur
Vaults:5: uniq_boris
Crypt:1:  layout_chaotic_city, basic_altar, grunt_ministairs_11, st_stairs_14,
          minivault_4, grunt_crypt_arrival_webbed, uniq_aizul
Crypt:2:  layout_basic, uniq_frederick, uniq_khufu
Crypt:3:  david_glass_crypt, layout_chaotic_city,
          nicolae_tomb_entry_unfolded_pyramid_orthogonal
Depths:1: layout_honeycomb, hangedman_coc_ice_floe,
          hangedman_abyss_or_decor_slice, rand_demon_pan_entry_9,
          grunt_ministairs_15, kennysheep_generic_room_6
Depths:2: hangedman_spin_cycle, hell_entry
Depths:3: minmay_distorted_concentric_squares, layout_small_grid,
          enter_ziggurat_f, rand_demon_pan_entry_4, hell_entry,
          serial_bayou_pond_b, nrook_kobold_shadow_demons, uniq_margery,
          uniq_mara
Depths:4: minmay_the_grid_triangle_9x9_rhombus_thin
          [minmay_the_grid_triangle_9x9_sprig,
          minmay_the_grid_triangle_9x9_prize_top_heavy,
          minmay_the_grid_triangle_9x9_minimal,
          minmay_the_grid_triangle_9x9_tough_junction], layout_basic,
          hellmouth_1, abyss_entry, infiniplex_staircase_spiral_double
Depths:5: grunt_twist_and_shout, layout_basic, grunt_hell_entry_dis_old,
          lemuel_statue_altar, corexii_leaking_fountain
Hell
Dis:1:    layout_subdivisions
Dis:2:    layout_gridville
Dis:3:    layout_chaotic_city
Dis:4:    layout_subdivisions

Skill      XL: |  1  2  3  4  5  6  7  8  9 10 11 12 13 14 15 16 17 18 19 20 21 22 23 24 25 26 27 |
---------------+----------------------------------------------------------------------------------+-----
Dodging        | 3 4 5 6 7 9 10 11 12 13 14 16 18 | 18.0
Fighting       | 3 4 5 6 7 9 10 11 12 13 14 | 14.0
Unarmed Combat | 4 5 6 8 9 10 11 12 13 14 15 16 17 18 19 20 21 | 21.0
Evocations     | 2 3 5 6 |  6.0
Invocations    | 3 5 6 8 10 | 10.1
Armour         | 3 6 7 9 10 11 12 13 14 15 16 17 18 19 20 | 20.0
Shields        | 2 5 6 9 10 | 10.5
Earth Magic    | 2 5 6 9 11 12 13 14 15 16 17 18 20 | 20.3
Spellcasting   | 3 6 7 9 11 | 11.4
Stealth        | |  1.0

Action                   |  1- 3 |  4- 6 |  7- 9 | 10-12 | 13-15 | 16-18 | 19-21 | 22-24 | 25-27 || total
-------------------------+-------+-------+-------+-------+-------+-------+-------+-------+-------++-------
Melee: Unarmed           |    69 |   197 |   284 |   685 |  1286 |  1211 |  1774 |  1631 |  2588 ||  9725
       Punch             |       |     4 |    15 |    62 |   182 |    15 |       |       |       ||   278
       Falchion          |       |       |       |       |    55 |       |       |       |       ||    55
       Morningstar       |       |       |       |       |       |    25 |    11 |       |       ||    36
 Cast: Lee's Rapid Decon |       |       |       |       |       |       |       |       |    12 ||    12
       Petrify           |       |       |       |       |       |       |       |       |     7 ||     7
Evoke: Wand              |       |       |     1 |    12 |    12 |    12 |     7 |    11 |     7 ||    62
  Use: Scroll            |       |    12 |     9 |    14 |    13 |    13 |     8 |    21 |    16 ||   106
       Potion            |       |     1 |     1 |     3 |     6 |     4 |     1 |     5 |     4 ||    25
 Stab: Sleeping          |       |       |     1 |     2 |     2 |       |       |       |    14 ||    19
       Paralysed         |       |       |       |     6 |       |       |     7 |       |       ||    13
       Distracted        |       |       |       |     2 |       |       |       |       |     5 ||     7
       Confused          |       |       |       |       |       |     1 |       |       |       ||     1
       Petrified         |       |       |       |       |       |       |       |       |     4 ||     4
       Petrifying        |       |       |       |       |       |       |       |       |     1 ||     1
Armor: Robe              |    27 |    51 |    63 |    73 |       |       |       |       |       ||   214
       Skin              |       |    19 |       |       |       |       |       |       |       ||    19
       Troll leather arm |       |       |       |    97 |       |       |       |       |       ||    97
       Acid dragon scale |       |       |       |    24 |   168 |       |       |       |       ||   192
       Fire dragon scale |       |       |       |       |   474 |   386 |   409 |    68 |    81 ||  1418
       Storm dragon scal |       |       |       |       |       |       |       |   418 |       ||   418
       Shadow dragon sca |       |       |       |       |       |       |       |       |   523 ||   523
Dodge: Dodged            |    31 |    81 |   182 |   706 |  1753 |  1131 |  1198 |  1028 |  1831 ||  7941
Block: Kite shield       |       |       |       |       |       |   891 |  1307 |  1216 |  1906 ||  5320
       Rpst.: Falchion   |       |       |       |       |    36 |       |       |       |       ||    36

Table legend: (Time is in decaauts)
 A = Elapsed time spent in this place.
 B = Non-inter-level travel time spent in this place.
 C = Inter-level travel time spent in this place.
 D = Time resting spent in this place.
 E = Time spent auto-exploring this place.
 F = Levels seen in this place.
 G = Mean time per level.
                   A        B        C        D        E       F      G
               +--------+--------+--------+--------+--------+-----+--------+
         Total | 108774 |  95208 |  13566 |  15945 |  50704 |  54 | 2014.3 |
       Dungeon |  25118 |  19410 |   5708 |   3184 |  11274 |  15 | 1674.5 |
        Temple |    328 |    323 |      5 |      0 |    321 |   1 |  328.0 |
          Lair |  11700 |  10313 |   1387 |   1300 |   6767 |   6 | 1950.0 |
         Swamp |   6908 |   6566 |    342 |    592 |   4387 |   4 | 1727.0 |
     Snake Pit |   9967 |   9257 |    710 |   1938 |   4856 |   4 | 2491.8 |
  Orcish Mines |   3757 |   2916 |    841 |    664 |   1441 |   2 | 1878.5 |
   Elven Halls |   6508 |   5850 |    658 |    407 |   2456 |   3 | 2169.3 |
        Vaults |  16578 |  14177 |   2401 |   2659 |   7286 |   5 | 3315.6 |
         Crypt |   7073 |   6507 |    566 |   1873 |   2984 |   3 | 2357.7 |
        Depths |  12447 |  11730 |    717 |   2143 |   5490 |   5 | 2489.4 |
          Hell |   1146 |   1144 |      2 |    271 |    363 |   1 | 1146.0 |
           Dis |   5874 |   5650 |    224 |    388 |   3059 |   4 | 1468.5 |
      Ice Cave |   1366 |   1366 |      0 |    523 |     18 |   1 | 1366.0 |
               +--------+--------+--------+--------+--------+-----+--------+

Top non-repeatable levels by time:
 Snake:4: 4066 daAuts
Vaults:2: 3991 daAuts
    D:11: 3695 daAuts
    D:15: 3666 daAuts
Vaults:5: 3339 daAuts
Vaults:1: 3250 daAuts
    D:14: 3232 daAuts
Vaults:3: 3152 daAuts
     D:9: 3118 daAuts
Depths:1: 2911 daAuts
   Orc:2: 2901 daAuts
Vaults:4: 2843 daAuts
Depths:4: 2673 daAuts
  Lair:6: 2632 daAuts
 Crypt:1: 2548 daAuts
